[Event "EICC 2025"]
[Site "Eforie-Nord"]
[Date "2025.03.15"]
[Round "1.45"]
[White "Nastase, Robert-Paul"]
[Black "Huschenbeth, Niclas"]
[Result "0-1"]
[Annotator "TA"]
[ECO "B23"]
[WhiteElo "2273"]
[BlackElo "2589"]
[PlyCount "74"]
[EventDate "2025.03.14"]
[EventType "swiss"]
[EventCountry "ROU"]
[SourceTitle "playchess.com"]
[Source "ChessBase"]
[SourceQuality "1"]
[TimeControl "40/5400+30:1800+30"]

1. e4 c5 2. Nc3 d6 3. d4 cxd4 4. Qxd4 Nc6 5. Qd2 g6 6. b3 {[%emt 0:00:03] B23: Closed Sicilian: Lines without g3.} Bh6 7. f4 Nf6 8. Bb2 {[%emt 0:00:04] The position is equal.} O-O 9. O-O-O a5 10. a4 Nb4 11. Kb1 Qb6 12. Nf3 Bg4 13. Be2 Rac8 14. h3 Bd7 $146 (14... Nxe4 15. Nxe4 Rxc2 16. Qxc2 Nxc2 17. hxg4 Qxb3 18. Nfd2 Na3+ 19. Ka1 Nc2+ 20. Kb1 Na3+ 21. Ka1 {½-½ Gurel,E (2489)-Albornoz Cabrera,C (2586) Menorca op 2nd 2023 (9)}) 15. Nd4 $2 (15. Rhe1 $11) 15... e5 $19 16. Ndb5 d5 17. exd5 (17. Nxd5 $2 Nfxd5 18. c3 (18. exd5 $2 Rxc2 19. Qxc2 Nxc2 $19) 18... Bxf4 $19) 17... Bxf4 18. Qe1 Bf5 19. Na3 {[%emt 0:06:57] [#]} (19. Bd3 Bxd3 (19... Nbxd5 $2 {loses.} 20. Nxd5 Nxd5 21. Bxf5 $18) 20. cxd3 Nfxd5 21. Nxd5 Nxd5 22. g3) 19... Rxc3 $1 20. Qxc3 $17 Nbxd5 (20... Nfxd5 $17 21. Rxd5 Nxd5) 21. Rxd5 Nxd5 22. Qf3 Qc5 (22... Ne3 $17 23. g3 Qxb3 24. gxf4 Bxc2+ 25. Ka1 Rc8) 23. g3 (23. Bc4 $15 e4 24. Qf1) 23... e4 $19 24. Qg2 Bd2 25. g4 Be6 (25... Bc3 $19 {White must now prevent ...Bxb2.} 26. gxf5 Bxb2 27. Kxb2 Qd4+ 28. Kb1 (28. Kc1 $2 Qa1+ 29. Nb1 Nc3 $19) 28... Nc3+ 29. Kc1 Qe3+ 30. Kb2 Nxe2) 26. Nb5 $17 Ne3 $36 {[%emt 0:04:16][%mdl 2048] Black is on the roll. Black has more active pieces.} 27. Qxe4 Bd5 {[%emt 0:00:10] The board is on fire.} 28. Qd3 Bxh1 29. Qxd2 Be4 30. Bd3 (30. Nd4 $142 Re8 31. Bb5) 30... Bxd3 31. Qxd3 Nd5 32. Nd4 $2 (32. Bd4 $17 Qe7 33. Qd2) 32... Re8 $19 33. Qd2 {[%emt 0:01:16] Against Re1+} Qb4 34. c3 Qe7 35. Nc2 Qe4 36. Ka1 Nf4 37. c4 Nd3 {[%emt 0:00:14] Weighted Error Value: White=0.46/Black=0.25 (precise)   Loses game:     	White=2     	---        Missed win:     	---       	Black=1      Mistake:       	White=4     	Black=3      Inaccurate:     	White=1     	---        OK:         	White=13    	Black=17     Best:        	White=3     	Black=6} (37... Nxh3 38. Qh6 Re5 (38... Qxg4 39. Qg7#) 39. Qxh3 $18) 0-1

[Event "EICC 2025"]
[Site "Eforie-Nord"]
[Date "2025.03.16"]
[Round "2.1"]
[White "Sebenik, Matej"]
[Black "Sarana, Alexey"]
[Result "0-1"]
[Annotator "TA"]
[ECO "E11"]
[WhiteElo "2492"]
[BlackElo "2689"]
[PlyCount "82"]
[EventDate "2025.03.14"]
[EventType "swiss"]
[EventCountry "ROU"]
[SourceTitle "playchess.com"]
[Source "ChessBase"]
[SourceQuality "1"]
[TimeControl "40/5400+30:1800+30"]

1. d4 Nf6 2. c4 e6 3. Nf3 d5 4. g3 Bb4+ 5. Bd2 Be7 6. Bg2 {[%emt 0:00:10] E11: Bogo-Indian.} Nbd7 7. Qc2 c6 8. O-O {[%emt 0:00:57] The position is equal.} Ne4 9. Nc3 Nxd2 10. Nxd2 O-O 11. Rfd1 Rb8 12. a3 a5 13. e3 b5 14. cxb5 cxb5 15. Bf1 b4 16. axb4 $146 ({Predecessor:} 16. Nb5 Bb7 17. a4 Rc8 18. Qb3 Nb6 19. Rdc1 Qd7 20. Qd1 Nc4 21. b3 Nd6 22. Rxc8 Rxc8 {1-0 Shoboev,D (2226)-Bocharov,D (2557) Khanty-Mansiysk Governor Cup 14th 2018 (1)}) 16... Bxb4 17. Nb3 Nf6 18. Na2 Bd6 19. Nac1 Ra8 20. Nd3 {[%emt 0:02:34] Counterplay Black} Qb6 21. Nbc5 Bd7 22. Nxd7 Nxd7 23. Qa4 Nf6 24. Rdc1 Rfb8 25. Rc6 Qd8 26. Bg2 g6 27. Qc2 Kg7 28. Bf3 {[%emt 0:02:55] Opposite bishops and equal position} h5 29. h4 Ng8 30. Bg2 Ne7 31. Rc3 Nf5 32. Bh3 {[%emt 0:07:47] [#]} (32. Qd1 {simplifies} a4 33. Rxa4 Rxa4 34. Qxa4 Ra8 35. Qd1) 32... Nxg3 $1 33. fxg3 Bxg3 34. Qg2 Qxh4 35. Rf1 {[%emt 0:00:02] Hoping for Rf3.} Bd6 (35... Ra7 $11) 36. Rc6 $14 Rb3 $1 {[%emt 0:04:15] The board is on fire.} 37. Rxd6 Rxd3 {[%emt 0:00:01] [#]} 38. Rxf7+ $2 {[%emt 0:00:28][%mdl 8192] This costs White the game.} Kxf7 $19 39. Rd7+ {[%emt 0:00:14] [#]} Kf6 $1 40. Qf1+ Kg5 41. Rf7 {[%emt 0:23:16] Threatening mate with Qf6+.} Qg3+ {[%emt 0:04:31] Weighted Error Value: White=0.17 (very precise) /Black=0.05 (flawless)   Loses game:     	White=1     	---        Mistake:       	---       	Black=1      Inaccurate:     	White=1     	Black=1      OK:         	White=14    	Black=16     Best:        	White=1     	Black=2      Strong:       	---       	Black=2} (41... Rxe3 $2 {too greedy.} 42. Qf6+ Kh6 43. Qxh4 $18) 0-1

[Event "EICC 2025"]
[Site "Eforie-Nord"]
[Date "2025.03.16"]
[Round "2.1"]
[White "Zhou, Yang-Fan"]
[Black "Kantor, Gergely"]
[Result "0-1"]
[Annotator "ChessBase"]
[ECO "C54"]
[WhiteElo "2425"]
[BlackElo "2563"]
[PlyCount "80"]
[EventDate "2025.03.14"]
[EventType "swiss"]
[EventCountry "ROU"]
[SourceTitle "playchess.com"]
[Source "ChessBase"]
[SourceQuality "1"]
[TimeControl "40/5400+30:1800+30"]

1. e4 e5 2. Nf3 Nc6 3. Bc4 Nf6 4. d3 Bc5 5. c3 d6 6. O-O a5 7. Re1 O-O 8. h3 Ba7 9. Bb3 h6 10. d4 Re8 11. Bc2 Bd7 12. a4 exd4 13. cxd4 Nb4 14. Nc3 Nxc2 15. Qxc2 c6 16. Bd2 Rc8 17. Rac1 Be6 18. Be3 b5 19. Nd2 b4 20. Ne2 d5 21. e5 c5 22. dxc5 Nd7 23. Nb3 Nxe5 24. Nf4 Nc4 25. Rcd1 Qd7 26. Nh5 Bf5 27. Qc1 Nxe3 28. Rxe3 Rxe3 29. Qxe3 Bg6 30. Qe5 f6 31. Qxd5+ Qxd5 32. Rxd5 Bf7 33. Rd7 Bb8 34. Nxf6+ gxf6 35. Nxa5 b3 36. Rb7 Bd5 37. Rb5 Re8 38. Kf1 Bc7 39. g3 Bf3 40. Nxb3 Rd8 0-1

[Event "EICC 2025"]
[Site "Eforie-Nord"]
[Date "2025.03.16"]
[Round "2.2"]
[White "Van Foreest, Jorden"]
[Black "Seemann, Jakub"]
[Result "1-0"]
[Annotator "TA"]
[ECO "E49"]
[WhiteElo "2676"]
[BlackElo "2491"]
[PlyCount "109"]
[EventDate "2025.03.14"]
[EventType "swiss"]
[EventCountry "ROU"]
[SourceTitle "playchess.com"]
[Source "ChessBase"]
[SourceQuality "1"]
[TimeControl "40/5400+30:1800+30"]

1. d4 Nf6 2. c4 e6 3. Nc3 Bb4 4. e3 O-O 5. Bd3 d5 6. a3 Bxc3+ 7. bxc3 c6 8. a4 {[%emt 0:03:36] E49: Nimzo-Indian: Rubinstein: 5 Bd3 d5 6 a3 Bxc3+ 7 bxc3.} b6 9. Ba3 Re8 10. Nf3 {[%emt 0:00:41] The position is equal.} Ba6 11. Qe2 $146 (11. Ne5 Qc8 12. O-O Nbd7 13. f4) (11. cxd5 Bxd3 12. Qxd3 cxd5 13. c4 Nc6 14. O-O dxc4 15. Qxc4 Rc8 16. Qa6 Qd7 17. Rac1 {½-½ Sarana,A (2666)-Cheparinov,I (2664) Wch Rapid Warsaw 2021 (4)}) 11... Nbd7 12. cxd5 Bxd3 13. Qxd3 cxd5 14. O-O Qc7 15. Rfc1 Rac8 16. Nd2 {[%emt 0:03:02][%cal Bf3d2,Bd2f1,Bf1g3][%mdl 32] Prevents Qc4.} e5 (16... Ng4 {is more complex.} 17. g3 e5 18. c4 Qc6) 17. h3 exd4 18. cxd4 Qb7 19. Nf1 Rxc1 20. Rxc1 Rc8 21. Rc2 Rxc2 22. Qxc2 Nb8 23. Ng3 Qc6 24. Qb3 g6 {[%emt 0:01:14] Wards off Nf5} 25. Ne2 Nbd7 26. Nc3 a6 27. g4 Qe6 28. Ne2 h6 29. Qd3 Qe4 (29... a5 $14) 30. Qxe4 Nxe4 $16 {[%emt 0:01:37][%mdl 4096] Endgame KBN-KNN} 31. f3 {[%emt 0:03:26] Dodges f5} Nd2 32. Kf2 Nc4 33. Be7 f6 34. Nc3 Kf7 35. Nxd5 Nb2 36. Ba3 Nxa4 37. Nc7 {[%emt 0:00:29] White is more active.} f5 {[%emt 0:04:50] A mistake that costs the game.} (37... Nb8 $16 {might work better.} 38. Ke1 b5) 38. e4 $18 fxe4 39. fxe4 {[%emt 0:00:03][%cal Bf3e4,Be4e5][%mdl 32] Threatens to win with e5!.} Nc3 $2 (39... Nf8 40. Ke3 (40. Nxa6 Nc3 $18) 40... Ne6 41. Nxa6 Nc3) 40. e5 {[%emt 0:00:48] [#]} ({Not} 40. Nxa6 Nxe4+ 41. Kg2 Ndf6 $11) 40... Ne4+ $2 (40... Nf8 41. Bb4 (41. Nxa6 Ne6 $14) (41. d5 Nxd5 42. Nxd5 Nd7 $18) 41... Na2 42. Nxa6 Nxb4 43. Nxb4 Ke6) 41. Ke3 Ng5 42. h4 Ne6 43. Nxe6 Kxe6 {[%emt 0:00:02] KB-KN} 44. Ke4 {[%emt 0:00:00] [#]} Kf7 45. d5 Ke8 46. g5 hxg5 47. hxg5 {[%emt 0:00:00] White wants to mate with e6.} b5 48. e6 {[%emt 0:00:00] White mates.} Nb6 49. d6 a5 50. Bc5 Nc4 51. d7+ Kd8 52. Bd4 Kc7 53. Bf6 Nd6+ 54. Kd5 Nb7 55. Be5+ {[%emt 0:00:00] Weighted Error Value: White=0.04 (flawless) /Black=0.50  Mistake:       	---       	Black=4      Inaccurate:     	White=1     	Black=1      OK:         	White=18    	Black=13     Best:        	White=3     	Black=1} 1-0

[Event "EICC 2025"]
[Site "Eforie-Nord"]
[Date "2025.03.16"]
[Round "2.2"]
[White "Sargsyan, Sargis Vach."]
[Black "Livaic, Leon"]
[Result "1/2-1/2"]
[Annotator "ChessBase"]
[ECO "B07"]
[WhiteElo "2424"]
[BlackElo "2562"]
[PlyCount "84"]
[EventDate "2025.03.14"]
[EventType "swiss"]
[EventCountry "ROU"]
[SourceTitle "playchess.com"]
[Source "ChessBase"]
[SourceQuality "1"]
[TimeControl "40/5400+30:1800+30"]

1. e4 d6 2. d4 Nf6 3. Nc3 e5 4. dxe5 dxe5 5. Qxd8+ Kxd8 6. Bc4 Ke8 7. f4 Bb4 8. Bd3 Nbd7 9. Nf3 Nc5 10. O-O Bxc3 11. bxc3 Nfxe4 12. Re1 Nxd3 13. cxd3 Nd6 14. c4 Be6 15. Bb2 exf4 16. Bxg7 Rg8 17. Bh6 Kd7 18. Ne5+ Ke7 19. Bxf4 Nf5 20. Nf3 Rad8 21. Rad1 c5 22. a4 f6 23. a5 Kf7 24. Rb1 Rd7 25. Rb3 Rgd8 26. Reb1 Rxd3 27. Rxd3 Rxd3 28. Rxb7+ Rd7 29. a6 Ke8 30. Nd2 Nd6 31. Bxd6 Rxd6 32. Ne4 Rxa6 33. Nxf6+ Kd8 34. Rxh7 Bxc4 35. Ne4 Ra1+ 36. Kf2 Ra2+ 37. Kg3 Bd5 38. Nxc5 Rxg2+ 39. Kf4 Ke8 40. h4 Bf7 41. Ne4 Kf8 42. Ng5 Kg8 1/2-1/2

[Event "EICC 2025"]
[Site "Eforie-Nord"]
[Date "2025.03.16"]
[Round "2.3"]
[White "Lodici, Lorenzo"]
[Black "Dobrikov, Marco"]
[Result "1-0"]
[Annotator "TA"]
[ECO "A01"]
[WhiteElo "2559"]
[BlackElo "2410"]
[PlyCount "251"]
[EventDate "2025.03.14"]
[EventType "swiss"]
[EventCountry "ROU"]
[SourceTitle "playchess.com"]
[Source "ChessBase"]
[SourceQuality "1"]
[TimeControl "40/5400+30:1800+30"]

1. b3 e5 2. Bb2 Nc6 3. e3 d5 4. Bb5 Nge7 5. Nf3 e4 6. Ne5 a6 7. Nxc6 Nxc6 8. Bxc6+ {[%emt 0:00:02] The position is equal.} bxc6 9. Qh5 {[%emt 0:00:03] Inhibits Qg5.} h6 10. Qe5+ Be6 11. d3 exd3 12. cxd3 Qd6 13. Nd2 Qxe5 14. Bxe5 Bd6 15. Bd4 f6 16. Ke2 Kd7 17. Rhc1 Rhb8 18. Rc2 a5 19. Rac1 Ra6 (19... Bxh2 $2 20. g3 $18) 20. Bc5 Bg4+ 21. Kf1 Bf5 (21... Bxh2 $2 22. g3 $18) 22. e4 Bg6 23. g3 Rb5 24. Ke2 Bf7 25. Ke3 a4 26. Rc3 axb3 27. axb3 Rxc5 28. Rxc5 Bxc5+ 29. Rxc5 $15 {[%emt 0:00:02][%mdl 4096] Endgame KRB-KRN} Ra2 {[%emt 0:02:46][%cal Od5d4] ...d4+! poses a challenge} 30. Nf3 dxe4 31. dxe4 Bxb3 32. Nd4 Ba4 33. Rc3 g6 34. h4 Bb5 35. g4 Ra1 36. Nf3 Kd6 (36... c5 $5) 37. g5 $1 hxg5 38. hxg5 fxg5 39. Nxg5 Rg1 40. Kf4 c5 41. Nf7+ Kc6 42. Nd8+ Kb6 43. Ne6 c4 44. Ke5 {[%emt 0:00:01] [#]} (44. Rc2 $15) 44... c5 (44... c6 $1 $17 {and ...Ka5 would now be decisive} 45. f4 Rd1) 45. Nf4 $11 Bc6 46. Rxc4 Kb5 47. Rc2 Rg5+ 48. Kf6 Rg4 49. Ne6 (49. Nxg6 $2 Rxg6+ (49... Rxe4 50. Ne5 $11) (49... Bxe4 50. Rb2+ Ka4 51. Ne5 $11) 50. Kf5 Rh6 51. Rb2+ Kc4 $19) 49... Bxe4 50. Rxc5+ Kb6 51. Rc3 Bf5 52. Re3 Kc6 53. f3 Rc4 54. Nf8 Bc2 55. Nxg6 Kd5 56. Re5+ Kd6 57. Re6+ Kc7 58. Ne5 Rc3 59. f4 Bb1 60. Re7+ Kc8 61. Rg7 Rc1 62. Ra7 {[%emt 0:02:09] White is more active.} Rf1 63. Ra4 Kc7 64. Nf7 Kc6 65. Ng5 Kd5 66. Ne6 Re1 67. Rd4+ Kc6 68. Ke7 Rf1 69. Rd6+ Kb5 70. Kf6 Kc4 71. Rd4+ Kb5 72. Ke5 Kc6 73. Ng5 Re1+ 74. Kf6 Kc5 75. Ra4 Rf1 76. Ne4+ Kc6 77. Nc3 Bc2 78. Rd4 Rf3 79. Nd5 Bb1 80. Rd1 Be4 81. Ne7+ Kc5 82. Ke5 Bd3 83. Nf5 Kb4 84. Re1 (84. Rxd3 Rxd3 85. Ng7 Kc5 $11 (85... Rf3 86. Kd5 $11)) 84... Rf2 85. Nd4 {[%emt 0:00:29] Inhibits Re2+.} Kc3 86. Rc1+ Kb2 87. Rc8 Rf1 88. Ne6 Bb1 89. Ng5 Re1+ 90. Kf6 Rf1 91. Rc4 Re1 92. Ne6 Kb3 93. Rc7 Kb4 94. Nd4 Rf1 {[%emt 0:00:41] [#]} 95. Ke5 (95. f5 $1 $16) 95... Re1+ $1 96. Kd6 Rf1 97. Rb7+ (97. Nc6+ $14 Kc3 98. Ke5) 97... Kc4 98. Ne6 Bf5 (98... Rd1+ $1 $11 99. Ke7 Rf1) 99. Ra7 $14 Kd3 100. Nc5+ ({Better is} 100. Ng7 $1 $14) 100... Kc4 $11 101. Ke5 Bc2 (101... Bb1 $1 $11) 102. Rc7 {[%emt 0:00:08] Intending Ne4+ and mate.} Re1+ 103. Ne4+ $1 Kb3 $1 104. Rc3+ $1 (104. Rxc2 Kxc2 105. f5 Kd3 $11) 104... Kb2 105. Rc4 $1 (105. Rxc2+ Kxc2 106. f5 Kd3 $11) 105... Kb3 106. Rd4 $1 (106. Rxc2 Kxc2 107. Kd4 (107. f5 Kd3 $11) 107... Rd1+ (107... Rf1 108. Ke3 $11) 108. Ke5 Rf1 $11) 106... Kb2 ({Black should try} 106... Rd1 $1 $14) 107. f5 $16 Bb3 108. f6 {[%emt 0:00:00] and Rb4 would now be decisive} Bf7 109. Kd6 Bg6 (109... Kb3 $16 {was worth a try.} 110. Ng5 Kc3) 110. Ng5 $18 Rg1 111. Ne6 Ra1 112. Nf8 (112. Nc7 $18) 112... Ra6+ $2 {[%emt 0:00:44][%mdl 8192] A mistake that costs the game.} (112... Kc3 $16) 113. Ke7 Ra7+ 114. Nd7 $2 (114. Rd7 {mates} Rxd7+ 115. Nxd7 Bh5 116. Nf8 Kc3 117. Ne6 Kd2 118. Nf4 Bg4 119. f7) 114... Kc3 115. Rd5 ({Worse is} 115. f7 Bxf7 116. Re4 Bg6 $11) 115... Ra8 116. Ne5 Bh5 $2 (116... Ra7+ 117. Kf8 Be4) 117. Rd3+ Kc2 118. Rh3 Ra7+ 119. Ke6 Ra6+ 120. Kf5 Be2 121. f7 Ra8 122. Kf6 (122. Rg3 $142 Rf8 123. Rg8 Rxf7+ 124. Nxf7) 122... Bb5 123. Kg7 Ra7 124. Kg8 {[%emt 0:00:05] White mates.} Bf1 125. Rh2+ (125. f8=R Bxh3 126. Kh8 Bd7 $11) 125... Kc3 126. f8=Q {[%emt 0:00:06] Weighted Error Value: White=0.06 (flawless) /Black=0.07 (flawless)   Loses game:     	---       	Black=1      Mistake:       	White=5     	Black=6      Inaccurate:     	White=5     	Black=7      OK:         	White=48    	Black=32     Best:        	White=3     	Black=8      Strong:       	White=5     	Black=2} ({Less strong is} 126. f8=B Kb3 $16) 1-0

[Event "EICC 2025"]
[Site "Eforie-Nord"]
[Date "2025.03.16"]
[Round "2.3"]
[White "Royal, Shreyas"]
[Black "Sargsyan, Shant"]
[Result "1/2-1/2"]
[Annotator "TA"]
[ECO "D35"]
[WhiteElo "2491"]
[BlackElo "2666"]
[PlyCount "89"]
[EventDate "2025.03.14"]
[EventType "swiss"]
[EventCountry "ROU"]
[SourceTitle "playchess.com"]
[Source "ChessBase"]
[SourceQuality "1"]
[TimeControl "40/5400+30:1800+30"]

1. d4 Nf6 2. c4 e6 3. Nc3 d5 4. cxd5 exd5 5. Bg5 c6 6. e3 h6 7. Bh4 Be7 8. Bd3 O-O 9. Nge2 {[%emt 0:01:12] 9.Bg3 is the recent fashion. D35: Queen's Gambit Declined: Exchange Variation.} Re8 10. O-O a5 11. f3 b5 12. Bf2 Ba6 13. Rc1 Bf8 $146 (13... Nbd7 14. b3 a4 15. Qd2 Bd6 16. h3 Qe7 17. Rfe1 Nb6 18. Ng3 axb3 19. Nf5 Qd7 20. Nxd6 Qxd6 21. axb3 {½-½ Batsuren,D (2537)-Vetokhin,S (2533) Chessable Masters Play In blitz 2025 (8)}) 14. Nf4 Nbd7 15. b3 Qb8 16. a4 Ba3 17. Rc2 bxa4 18. bxa4 ({Better is} 18. Nxa4 $11 g5 19. Ne2) 18... Bd6 $1 $15 19. g3 Bxf4 20. gxf4 Nb6 21. Bxa6 Rxa6 22. f5 Ra7 23. Bg3 Qd8 24. Qd3 Nh5 25. Rg2 Rd7 26. Kh1 Qe7 27. Be5 {[%emt 0:02:11] [#]} (27. e4 $11 {remains equal.}) 27... f6 $1 $17 28. f4 Nc4 (28... Rf8 $17 29. Qe2 fxe5 30. Qxh5 exd4 31. exd4 Rd6) 29. Qe2 $1 $11 fxe5 30. Qxh5 (30. fxe5 $2 Qh4 (30... Nf6 31. exf6 Qxf6 32. Rg6 $11) 31. f6 Rf7 $19 (31... Nxe5 $2 32. dxe5 Rxe5 33. Rg4 $19)) 30... Nxe3 31. f6 Qf8 {[%emt 0:04:58][%cal Oe3g2] White must now prevent ...Nxg2!.} (31... Qxf6 $2 32. Qxe8+ Kh7 33. Qxd7 $18 (33. dxe5 Qf7 $18)) 32. fxg7 Rxg7 33. Rxg7+ Kxg7 34. Rg1+ Kh8 (34... Kh7 $1 $11 35. fxe5 (35. dxe5 Re6 $15) 35... c5 (35... Qf5 36. Qe2 $11)) 35. fxe5 ({But not} 35. dxe5 $6 Re6 36. Rb1 Nf5 $11 (36... Qxf4 37. Rb8+ Kh7 38. Rb7+ Kg8 39. Rb8+ Kh7 40. Rb7+ Kg8 41. Rb8+ Kh7 $11)) 35... Re6 36. Ne2 {[%emt 0:02:24] Inhibits Qf4.} Qf2 {[%emt 0:01:42] [#]} 37. Ng3 (37. Rg3 $1 $16 {[%cal Oh5h4] Hoping for Qh4!.} Qf1+ 38. Ng1 (38. Rg1 Qf2 $16)) 37... Rg6 38. Qe2 $1 Qxe2 39. Nxe2 {[%emt 0:00:01][%mdl 4096] Endgame KRN-KRN} Kg7 (39... Rxg1+ $11 40. Kxg1 Nc2) 40. Rc1 (40. Nc1 $14) 40... Kf7 {[%emt 0:00:37] The position is equal.} 41. Rc3 Nc4 42. h3 {[%emt 0:00:52] Repels Rg4} Rg5 43. Rf3+ Ke7 44. Rf6 c5 45. Rxh6 {[%emt 0:01:01] Weighted Error Value: White=0.13 (very precise) /Black=0.13 (very precise)   Mistake:       	White=4     	Black=3      Inaccurate:     	White=1     	Black=1      OK:         	White=13    	Black=14     Best:        	White=1     	Black=1      Strong:       	White=2     	Black=2} 1/2-1/2

[Event "EICC 2025"]
[Site "Eforie-Nord"]
[Date "2025.03.16"]
[Round "2.4"]
[White "Dardha, Daniel"]
[Black "Ioannidis, Evgenios"]
[Result "1-0"]
[Annotator "TA"]
[ECO "C55"]
[WhiteElo "2665"]
[BlackElo "2484"]
[PlyCount "69"]
[EventDate "2025.03.14"]
[EventType "swiss"]
[EventCountry "ROU"]
[SourceTitle "playchess.com"]
[Source "ChessBase"]
[SourceQuality "1"]
[TimeControl "40/5400+30:1800+30"]

1. e4 e5 2. Nf3 Nc6 3. Bc4 Nf6 4. d3 Be7 5. O-O O-O 6. Nc3 d6 7. a4 $1 {[%emt 0:00:09][%mdl 4] is currently scoring better than 7.h3. C55: Two Knights: 4 d3, 4 d4 exd4 5 e5 and Max Lange Attack.} Nb4 8. Ne2 c5 9. c3 {[%emt 0:04:09] White has an edge.} Nc6 10. Ng3 h6 11. Re1 $146 (11. h3 a6 12. Bd2 Be6 13. Bxe6 fxe6 14. b4 cxb4 15. cxb4 b5 16. Qb3 Qd7 17. Ra2 {½-½ Dominguez Perez,L (2739)-Caruana,F (2782) FIDE World Cup 2023 (6.1)}) 11... Kh8 12. Bd2 Nh7 13. h3 a6 14. b4 cxb4 15. cxb4 Ng5 16. Bxg5 Bxg5 17. b5 Na5 18. bxa6 bxa6 19. Bd5 Bb7 20. Rb1 {[%emt 0:03:29] White is more active.} Bxd5 21. exd5 f5 ({Black should try} 21... Bf6) 22. Nxg5 $16 Qxg5 23. Rb6 Qd8 {[%emt 0:12:30] Black is weak on the light squares} 24. Qb1 Rc8 25. Qb4 ({But not} 25. Rxa6 $6 Rb8 26. Qc2 Nb3 $16) 25... Rc5 26. Rxa6 Qc7 27. d4 (27. Rb1 $18) 27... exd4 {[%emt 0:08:31] Black cannot hold the game after this.} (27... Rxd5 $16 28. dxe5 Nc6) 28. Qxd4 $18 Nb3 {[%emt 0:00:16] [#]} 29. Qb2 Na5 30. Nh5 {[%emt 0:08:43][%cal Oa6d6] Hoping for Rxd6!.} f4 $2 {[%emt 0:02:36] [#]} (30... Nc4 31. Qd4 Ne5) 31. Rxd6 $1 {[%emt 0:04:34] White is clearly winning.} Rc3 {[%emt 0:03:08] [#]} (31... Kh7 32. Qb1+) 32. Rd7 $3 Qxd7 33. Qxc3 Rf5 34. Nxg7 Qxg7 35. Qxa5 {[%emt 0:00:07] Weighted Error Value: White=0.25 (precise) /Black=0.71  Mistake:       	White=1     	Black=3      Inaccurate:     	White=1     	Black=1      OK:         	White=12    	Black=8      Best:        	White=1     	---        Brilliant:      	White=1     	---} 1-0

[Event "EICC 2025"]
[Site "Eforie-Nord"]
[Date "2025.03.16"]
[Round "2.4"]
[White "Sowinski, Pawel"]
[Black "Sanal, Vahap"]
[Result "1/2-1/2"]
[Annotator "ChessBase"]
[ECO "E15"]
[WhiteElo "2420"]
[BlackElo "2557"]
[PlyCount "131"]
[EventDate "2025.03.14"]
[EventType "swiss"]
[EventCountry "ROU"]
[SourceTitle "playchess.com"]
[Source "ChessBase"]
[SourceQuality "1"]
[TimeControl "40/5400+30:1800+30"]

1. Nf3 d5 2. g3 Nf6 3. Bg2 e6 4. O-O Be7 5. d4 O-O 6. c4 a5 7. Qc2 c6 8. Rd1 b6 9. Bf4 Ba6 10. Ne5 Ra7 11. b3 b5 12. Nd2 Nh5 13. Be3 Rc7 14. Ndf3 Rc8 15. h4 Nf6 16. Ng5 Bd6 17. Bh3 Qe7 18. Nexf7 Rxf7 19. Bxe6 Rcf8 20. cxd5 cxd5 21. Qf5 g6 22. Qf3 Ne4 23. Bxf7+ Rxf7 24. Nxf7 Qxf7 25. Qxf7+ Kxf7 26. Bf4 Bxf4 27. gxf4 b4 28. e3 Nc3 29. Rd2 Bc8 30. f3 Bf5 31. Rb2 Nb5 32. Rc1 Nc3 33. Ra1 Nb5 34. h5 gxh5 35. Rh2 Nc6 36. Rc1 Nc3 37. a3 Bg6 38. axb4 axb4 39. Ra1 Ne7 40. Ra7 Ke6 41. Kf2 Nd1+ 42. Ke1 Nc3 43. Rh1 Nf5 44. Kd2 h4 45. Rb7 Bh5 46. Rh3 Nb1+ 47. Kd3 Ng3 48. e4 Bxf3 49. f5+ Kf6 50. e5+ Kxf5 51. Rf7+ Kg4 52. Rxh4+ Kxh4 53. Rxf3 Nc3 54. e6 Nce4 55. e7 Nd6 56. Rf6 Nge4 57. Rf8 h5 58. e8=Q Nxe8 59. Rxe8 Kg4 60. Ke3 h4 61. Rg8+ Ng5 62. Kf2 Kf4 63. Rh8 Ne4+ 64. Kg2 Ke3 65. Rxh4 Kd3 66. Rh5 1/2-1/2

[Event "EICC 2025"]
[Site "Eforie-Nord"]
[Date "2025.03.16"]
[Round "2.5"]
[White "Samunenkov, Ihor"]
[Black "Atakishiyev, Elmar"]
[Result "1-0"]
[Annotator "ChessBase"]
[ECO "B06"]
[WhiteElo "2556"]
[BlackElo "2407"]
[PlyCount "157"]
[EventDate "2025.03.14"]
[EventType "swiss"]
[EventCountry "ROU"]
[SourceTitle "playchess.com"]
[Source "ChessBase"]
[SourceQuality "1"]
[TimeControl "40/5400+30:1800+30"]

1. e4 c5 2. c3 d5 3. exd5 Qxd5 4. d4 g6 5. Nf3 Bg7 6. Nbd2 cxd4 7. Bc4 Qd8 8. Nxd4 Nf6 9. O-O O-O 10. N2f3 a6 11. Bf4 Nbd7 12. Qe2 Nb6 13. Bb3 Nbd5 14. Be5 e6 15. c4 Ne7 16. c5 Ned5 17. Rfd1 Bd7 18. Bd6 Re8 19. Ne5 b6 20. Rac1 bxc5 21. Bxc5 Nh5 22. Qe4 Nhf6 23. Qe2 Nh5 24. g3 Nhf4 25. Qe1 Nh5 26. Nc4 Qb8 27. Nd6 Rd8 28. Rd3 Rf8 29. Nxf7 Bxd4 30. Nh6+ Kg7 31. Rxd4 Kxh6 32. Bxf8+ Qxf8 33. Qd2+ Kg7 34. Bxd5 exd5 35. Rc7 Nf6 36. Rxd5 Nxd5 37. Rxd7+ Ne7 38. Qd4+ Kf7 39. Qd5+ Kf6 40. Qd6+ Kf7 41. Rxe7+ Qxe7 42. Qd5+ Qe6 43. Qb7+ Kf6 44. Qxa8 Qxa2 45. Qf8+ Ke5 46. Qe7+ Kf5 47. Qxh7 Qb1+ 48. Kg2 Qe4+ 49. f3 Qe2+ 50. Kh3 Qxb2 51. Qf7+ Qf6 52. Qd5+ Qe5 53. Qd3+ Kf6 54. Qxa6+ Kg7 55. Qb7+ Kh6 56. Qe4 Qb2 57. f4 Qf2 58. Qg2 Qe1 59. Qf3 Qb1 60. g4 Qc2 61. Kg3 Qb1 62. h4 Qg1+ 63. Kh3 Kg7 64. g5 Qe1 65. h5 gxh5 66. f5 Qb4 67. Qe2 Kf8 68. f6 Qb7 69. Kg3 Qb4 70. Qf3 Kg8 71. g6 Qd6+ 72. Kh3 Qe6+ 73. Kg2 Qa2+ 74. Kg3 h4+ 75. Kg4 Qc4+ 76. Qf4 Qc8+ 77. Kh5 Qc5+ 78. Kh6 Qf8+ 79. g7 1-0